 Dungeon Crawl Stone Soup version 0.25-a0-942-g87a53962fc (webtiles) character file.

Game seed: 13203955268880414307, levelgen mode: deterministic

54939 Flugslaktarn the Severer (level 14, -1/90 HPs)
             Began as a Minotaur Fighter on May 6, 2020.
             Was an Initiate of Gozag.
             Collided with a rock wall (4 damage)
             ... caused by a wretched star
             ... on level 1 of the Abyss.
             The game lasted 00:12:06 (22399 turns).

Flugslaktarn the Severer (Minotaur Fighter)        Turns: 22399, Time: 00:12:07

Health: -1/90      AC: 25    Str: 29    XL:     14   Next: 36%
Magic:  16/16      EV: 13    Int:  5    God:    Gozag
Gold:   3535       SH:  0    Dex: 13    Spells: 13/13 levels left

rFire    . . .     SeeInvis .   G - +7 battleaxe "Yfon" {vorpal, Str+4}
rCold    . . .     Gourm    .   (shield currently unavailable)
rNeg     . . .     Faith    .   B - +0 plate armour
rPois    .         Spirit   .   (helmet restricted)
rElec    .         Reflect  .   b - +2 cloak
rCorr    .         Harm     .   (no gloves)
MR       +....                  C - +1 pair of boots
Stlth    ..........             (no amulet)
HPRegen  0.25/turn              p - +3 ring of protection
MPRegen  0.15/turn              D - +2 ring of dexterity

@: mighty, berserk cooldown, slowed, very slow
A: retaliatory headbutt, horns 2, [frail 3], [screaming 2]
a: Potion Petition, Call Merchant, Bribe Branch, Renounce Religion


You were on level 1 of the Abyss.
You worshipped Gozag.
Gozag was most pleased with you.
You were hungry.

You visited 3 branches of the dungeon, and saw 17 of its levels.
You visited the Abyss 1 time.

You collected 4837 gold pieces.
You spent 471 gold pieces at shops.
You paid 831 gold pieces to Gozag.

Inventory:

Hand Weapons
 a - a +1 war axe
 G - the +7 battleaxe "Yfon" (weapon) {vorpal, Str+4}
   (You bought it in a shop on level 1 of the Lair of Beasts)

   It inflicts extra damage upon your enemies.
   It affects your strength (+4).
 M - a +0 broad axe
   (You found it on level 6 of the Lair of Beasts)
Missiles
 y - 7 throwing nets (quivered)
Armour
 b - a +2 cloak (worn)
   (You took it off Crazy Yiuf on level 2 of the Dungeon)
 c - a +1 kite shield
 A - the +1 ring mail of Greed {rC+, unknown}
   (You found it on level 5 of the Dungeon)

   It protects you from cold.
 B - a +0 plate armour (worn)
   (You found it on level 7 of the Dungeon)
 C - a +1 pair of boots (worn)
   (You found it on level 7 of the Dungeon)
Jewellery
 i - an uncursed ring of see invisible
   (You found it on level 3 of the Dungeon)
 j - a +4 ring of strength
   (You found it on level 1 of the Dungeon)
 p - a +3 ring of protection (left hand)
   (You found it on level 10 of the Dungeon)
 D - a +2 ring of dexterity (right hand)
   (You found it on level 2 of the Dungeon)
 H - an uncursed ring of ice
   (You found it on level 1 of the Lair of Beasts)
 I - an uncursed ring of wizardry {unknown}
   (You found it on level 6 of the Lair of Beasts)
Wands
 g - a wand of scattershot (5)
   (You found it on level 6 of the Dungeon)
 v - a wand of digging (5)
   (You found it on level 5 of the Lair of Beasts)
Scrolls
 f - 2 scrolls of enchant armour
 l - 2 scrolls of enchant weapon
 o - a scroll of blinking {unknown}
 s - 3 scrolls of fog
 t - 7 scrolls of teleportation
 u - a scroll of silence {unknown}
 x - 11 scrolls of remove curse
 J - a scroll of brand weapon {unknown}
 N - a scroll of immolation
Potions
 d - 4 potions of might
 h - 4 potions of haste
 k - a potion of mutation {unknown}
 m - 5 potions of ambrosia
 n - a potion of resistance
 q - 9 potions of curing
 w - a potion of heal wounds
 z - a potion of flight
 E - a potion of berserk rage
 F - 2 potions of brilliance
 K - a potion of invisibility
 L - a potion of stabbing {unknown}
Comestibles
 e - 12 rations


   Skills:
 + Level 13.4 Fighting
 * Level 17.8 Axes
 + Level 13.4 Armour
 + Level 9.1 Dodging
 - Level 9.7 Shields
 - Level 5.0 Evocations


You had 13 spell levels left.
You didn't know any spells.
Your spell library was empty.

Dungeon Overview and Level Annotations

Branches:
Dungeon (10/15)            Temple (0/1) D:5            Lair (6/6) D:9
 Shoals (0/4) Lair:4        Snake (0/4) Lair:4        Slime (0/5) Lair:6
    Orc (1/2) D:10

Altars:
Dithmenos
Elyvilon
Gozag
Hepliaklqana
Kikubaaqudgha
Makhleb
Nemelex Xobeh
Okawaru
Qazlal
Sif Muna
Trog
Vehumet
Wu Jian
Yredelemnul
Jiyva

Shops:
Lair:1 (

Annotations:
Lair:3 exclusion: 4 oklob plants
Lair:4 3 runed translucent doors, Erext's ghost, journeyman OgVM
Lair:5 exclusion: oklob plant
Lair:6 2 transporters, Zorot's ghost, journeyman DrVM
Orc:1 Jorgrun; Sonja


Innate Abilities, Weirdness & Mutations

You reflexively headbutt those who attack you in melee.
You have a pair of horns on your head.
[You are extremely frail. (-30% HP)]
[You sometimes yell uncontrollably at your foes.]


Message History

The wretched star is almost destroyed.
You barely miss the wretched star. You headbutt the wretched star.
The wretched star is almost destroyed.
The wretched star glows turbulently.
The lance of force hits you!!
You are knocked back by the lance of force.
You slam into the rock wall!
* * * LOW HITPOINT WARNING * * *
You are too injured to fight recklessly!
You are too injured to fight recklessly!
You are too injured to fight recklessly!
The wretched star pulses with an eldritch light!
You feel the urge to shout.
You feel a strong urge to yell.
The wretched star glows turbulently.
The lance of force hits you!!
* * * LOW HITPOINT WARNING * * *
You are knocked back by the lance of force.
You slam into the rock wall!
You die...
Your body crumbles into a pile of gold.

.# #..≈≈ ≈≈≈ #. # ≈≈
≈ ≈ #. #. ≈≈ ≈≈ ..
##≈≈≈≈≈ # #.
≈≈≈≈≈≈≈≈ ##. ≈≈≈≈#..
#.####..# ≈
≈≈≈.*.###@....##
≈≈≈≈≈.....#....#.#.#
.#....*.#......#.
##.#...#....... ≈
.#. #.#.)....#.. ≈
.........#.#.....
..## #....#........
≈ # .....## ##......
###..# .#..# .


You could see a wretched star.

Vanquished Creatures
  Rupert (Lair:3)
  An angel (Abyss:1)
  2 entropy weavers (Lair:5)
  Harold (Lair:2)
  5 hydras
  2 catoblepae
  9 death yaks
  A queen ant (Lair:5)
  A thrashing horror (Abyss:1)
  Pikel (D:9)
  3 elephants (Lair:5)
  6 black mambas
  An orange demon (Abyss:1)
  A gargoyle (D:10)
  2 rime drakes (Lair:5)
  A torpor snail (Lair:6)
  19 spiny frogs
  8 komodo dragons
  2 polar bears
  3 trolls (D:10)
  4 tyrant leeches (Lair:6)
  19 blink frogs
  A blink frog (shapeshifter) (D:10)
  5 hippogriffs
  A spriggan (Lair:2)
  2 wyverns
  3 basilisks
  18 yaks
  A hungry ghost (D:10)
  6 vampire mosquitoes (Lair:6)
  A warg (Orc:1)
  3 nagas (Lair:4)
  23 soldier ants (Lair:5)
  17 water moccasins
  8 porcupines
  3 black bears
  An eye of draining (D:3)
  An orc warrior (Orc:1)
  4 ice beasts
  A sky beast (D:9)
  A phantom (D:10)
  A necrophage (D:6)
  7 ogres
  4 wolves
  6 centaurs
  19 crocodiles
  A big kobold (D:7)
  20 bullfrogs
  A gnoll sergeant (D:8)
  A scorpion (D:7)
  14 killer bees
  6 howler monkeys
  3 wights (D:7)
  3 electric eels
  4 crimson imps
  3 centaur zombies
  A bullfrog zombie (D:9)
  6 orc priests
  5 hounds
  An iron imp (Abyss:1)
  2 jellies
  Crazy Yiuf (D:2)
  2 centaur skeletons (D:4)
  3 bullfrog skeletons
  An iguana (D:4)
  15 orc wizards
  14 hell rats
  26 worker ants
  2 hound zombies
  A hound skeleton (D:6)
  A worker ant zombie (D:8)
  14 gnolls
  16 river rats
  10 adders
  5 shadow imps
  An ooze (D:2)
  An adder zombie (D:5)
  2 worms (D:2)
  2 dart slugs
  5 leopard geckos
  41 orcs
  5 ball pythons
  9 bats
  9 giant cockroaches
  15 goblins
  9 hobgoblins
  17 jackals
  11 kobolds
  5 quokkas (Lair:1)
  4 frilled lizards
  A gnoll zombie (D:9)
  A quokka zombie (D:5)
  25 rats
  7 fungi
  6 plants
588 creatures vanquished.

Vanquished Creatures (others)
  A black bear (D:9)
  An orc wizard (D:10)
  A gnoll zombie (D:9)
  6 fungi
  25 plants
34 creatures vanquished.

Grand Total: 622 creatures vanquished

Notes
Turn   | Place    | Note
-------+----------+-------------------------------------------
     0 | D:1      | Flugslaktarn the Minotaur Fighter began the quest for the
                  | Orb.
     0 | D:1      | Reached XP level 1. HP: 19/19 MP: 0/0
    53 | D:1      | Reached XP level 2. HP: 26/27 MP: 1/1
   147 | D:1      | Reached skill level 3 in Axes
   491 | D:1      | Reached XP level 3. HP: 31/33 MP: 2/2
  1174 | D:2      | Found a shadowy altar of Dithmenos.
  1328 | D:2      | Reached XP level 4. HP: 40/40 MP: 3/3
  1570 | D:2      | Reached skill level 4 in Axes
  1715 | D:2      | Found a runed translucent door.
  1716 | D:2      | Noticed Crazy Yiuf
  1864 | D:2      | Killed Crazy Yiuf
  2004 | D:3      | Reached XP level 5. HP: 46/47 MP: 4/4
  2385 | D:3      | Found a bloodstained altar of Trog.
  2385 | D:3      | Noticed an eye of draining
  2395 | D:3      | Killed an eye of draining
  2395 | D:3      | Reached skill level 5 in Axes
  2814 | D:4      | Reached XP level 6. HP: 48/55 MP: 5/5
  2892 | D:4      | Reached skill level 5 in Shields
  2988 | D:4      | Reached skill level 5 in Armour
  3118 | D:4      | Reached skill level 5 in Fighting
  3328 | D:4      | Reached skill level 6 in Axes
  3359 | D:4      | Reached XP level 7. HP: 59/61 MP: 6/6
  3693 | D:5      | Entered Level 5 of the Dungeon
  3892 | D:5      | Reached skill level 7 in Axes
  3909 | D:5      | Got a faintly glowing ring mail
  3960 | D:5      | Found an opulent altar of Gozag.
  3969 | D:5      | Became a worshipper of Gozag Ym Sagoz the Greedy
  4036 | D:5      | Found a hazy altar of Hepliaklqana.
  4160 | D:5      | Reached XP level 8. HP: 70/70 MP: 7/7
  4184 | D:5      | Found a staircase to the Ecumenical Temple.
  4222 | D:5      | You fall into a shaft and drop 1 floor!
  4392 | D:6      | Found an ancient bone altar of Kikubaaqudgha.
  4438 | D:5      | Found an ornate altar of the Wu Jian Council.
  4444 | D:5      | Reached skill level 8 in Axes
  4465 | D:5      | Found an iron altar of Okawaru.
  4721 | D:5      | Reached skill level 1 in Evocations
  5471 | D:6      | Found a burning altar of Makhleb.
  5478 | D:6      | Reached skill level 9 in Axes
  5651 | D:7      | Reached XP level 9. HP: 64/79 MP: 9/9
  6195 | D:7      | Found a shimmering blue altar of Sif Muna.
  6240 | D:7      | Reached skill level 10 in Axes
  7355 | D:7      | Found a radiant altar of Vehumet.
  7446 | D:8      | Found a white marble altar of Elyvilon.
  7888 | D:8      | Found a sparkling altar of Nemelex Xobeh.
  7940 | D:8      | Noticed a seven-headed hydra
  7948 | D:8      | Killed a seven-headed hydra
  7948 | D:8      | Reached XP level 10. HP: 90/90 MP: 11/11
  8106 | D:8      | Found a stormy altar of Qazlal.
  8256 | D:9      | Reached skill level 11 in Axes
  8263 | D:9      | Noticed a death yak
  8265 | D:9      | Found a staircase to the Lair.
  8265 | D:9      | Noticed a death yak
  8265 | D:9      | Noticed a death yak
  8306 | D:8      | HP: 4/90 [death yak (22)]
  8372 | D:8      | Killed a death yak
  8853 | D:9      | Noticed Pikel
  8867 | D:9      | Killed Pikel
  9123 | D:9      | Killed a death yak
  9123 | D:9      | Reached skill level 12 in Axes
  9444 | D:9      | Killed a death yak
  9820 | D:9      | Reached XP level 11. HP: 95/97 MP: 13/13
  9994 | D:9      | Found a basalt altar of Yredelemnul.
 10166 | D:10     | Entered Level 10 of the Dungeon
 10441 | D:10     | Found a staircase to the Orcish Mines.
 10790 | D:10     | Reached skill level 5 in Evocations
 11823 | Lair:1   | Entered Level 1 of the Lair of Beasts
 11827 | Lair:1   | Bought a dazzling battleaxe for 471 gold pieces
 11832 | Lair:1   | Identified the +7 battleaxe "Yfon" {vorpal, Str+4} (You
                  | bought it in a shop on level 1 of the Lair of Beasts)
 12031 | Lair:1   | Reached skill level 1 in Dodging
 12303 | Lair:1   | Reached skill level 13 in Axes
 12303 | Lair:1   | Reached skill level 10 in Armour
 12394 | Lair:1   | Reached skill level 10 in Fighting
 13206 | Lair:2   | Noticed Harold
 13217 | Lair:2   | Killed Harold
 14285 | Lair:3   | Noticed Rupert
 14292 | Lair:3   | Paralysed by Rupert for 3 turns
 14300 | Lair:3   | Killed Rupert
 14300 | Lair:3   | Reached skill level 14 in Axes
 14300 | Lair:3   | Reached XP level 12. HP: 20/108 MP: 14/14
 14664 | Lair:3   | Noticed a catoblepas
 14675 | Lair:3   | Killed a catoblepas
 14959 | Lair:3   | Noticed a five-headed hydra
 14967 | Lair:3   | Killed an eight-headed hydra
 15009 | Lair:3   | Reached skill level 5 in Dodging
 15899 | Lair:4   | Noticed a five-headed hydra
 15907 | Lair:4   | Killed a ten-headed hydra
 15907 | Lair:4   | Reached skill level 15 in Axes
 16065 | Lair:4   | Noticed an eight-headed hydra
 16073 | Lair:4   | Killed a 12-headed hydra
 16453 | Lair:4   | Found a staircase to the Snake Pit.
 16578 | Lair:4   | Noticed Erext's ghost (journeyman OgVM)
 16578 | Lair:4   | Noticed a seven-headed hydra
 16578 | Lair:4   | Noticed a four-headed hydra
 16582 | Lair:4   | Found a runed translucent gate.
 16582 | Lair:4   | Found a runed translucent gate.
 16582 | Lair:4   | Found a runed translucent gate.
 17073 | Lair:4   | Found a staircase to the Shoals.
 17305 | Lair:5   | Noticed an entropy weaver
 17305 | Lair:5   | Noticed a queen ant
 17320 | Lair:5   | Killed a queen ant
 17320 | Lair:5   | Reached XP level 13. HP: 100/117 MP: 15/15
 17398 | Lair:5   | Noticed an entropy weaver
 17401 | Lair:5   | Killed an entropy weaver
 17679 | Lair:5   | Killed an entropy weaver
 17714 | Lair:5   | Reached skill level 16 in Axes
 19136 | Lair:6   | Entered Level 6 of the Lair of Beasts
 19447 | Lair:6   | Reached skill level 17 in Axes
 19832 | Lair:6   | HP: 5/122 [spiny frog (14)]
 19835 | Lair:6   | Reached XP level 14. HP: 19/129 MP: 16/16
 21711 | Lair:6   | Found a staircase to the Slime Pits.
 21711 | Lair:6   | Found a viscous altar of Jiyva.
 21715 | Lair:6   | Noticed Zorot's ghost (journeyman DrVM)
 21718 | Lair:6   | Found a bloodstained altar of Trog.
 21741 | Lair:6   | Identified the +0 spear of Doom {venom, Dex+6}
 21794 | Lair:6   | Found a transporter.
 21796 | Lair:6   | Found a transporter.
 22040 | Orc:1    | Entered Level 1 of the Orcish Mines
 22043 | Orc:1    | Noticed Sonja
 22043 | Orc:1    | Noticed Jorgrun
 22059 | Orc:1    | Cast into level 1 of the Abyss (Sonja)
 22224 | Abyss:1  | Found a corrupted altar of Lugonu.
 22367 | Abyss:1  | Noticed an angel
 22379 | Abyss:1  | Killed an angel
 22399 | Abyss:1  | HP: 3/90 [wretched star/lance of force (19)]
 22399 | Abyss:1  | Collided with a rock wall

Levels and vault maps discovered:
D:1:      dpeg_arrival_round_a, layout_basic, roderic_lattice_a, st_stairs_12
D:2:      minmay_inner_zag, layout_rooms, grunt_dithmenos_smoke_and_mirrors,
          first_ration, uniq_crazy_yiuf_cottage
D:3:      layout_basic, trog_eyes_of_draining
D:4:      layout_loops_ring, item_on_display_a
D:5:      layout_gridville, lemuel_doored_altar, lemuel_crystal_altar,
          lemuel_crystal_altar, temple_pool_b, nicolae_gozag_seed_capital
D:6:      layout_loops_corners, makhleb_blood_cavern_becter,
          kiku_gazebo_pond_becter
D:7:      layout_loops_ring, overflow_temple_1_default, lemuel_crystal_altar
D:8:      layout_basic, lemuel_round_altar, kennysheep_mini, old_standard_altar
D:9:      layout_loops_ring, lemuel_zombie_altar_yredelemnul,
          dpeg_lair_monsters, uniq_pikel
D:10:     layout_long_grid, orc_0_dummy
Lair:1:   lemuel_ratsnest, layout_chaotic_city, serial_bayou_shore_a
Lair:2:   layout_concentric_octagons, grunt_forest_stairs_clearing, uniq_harold
Lair:3:   layout_chaotic_city, beast_lair_carwin_7, minmay_lair_oklob_chamber,
          grunt_megastairs_3, uniq_rupert
Lair:4:   layout_regular_city, elwin_shoals_entry_rocks,
          minmay_snake_entry_guardpost_small, gammafunk_ghost_split,
          serial_bayou_lake_a
Lair:5:   minmay_lair_oklob_tunnel, layout_layer_cave, minivault_29
Lair:6:   minmay_lair_end_frog_pond, layout_regular_city, slime_altar_1,
          gammafunk_ghost_wrathful_warriors
Orc:1:    layout_diamond_mine, uniq_jorgrun, uniq_sonja, uniq_josephine
Abyss:1:  base: D:1, abyss_greek_temple

Skill      XL: |  1  2  3  4  5  6  7  8  9 10 11 12 13 14 |
---------------+-------------------------------------------+-----
Axes           | 3 4 5 6 7 9 10 12 14 15 17 | 17.8
Fighting       | 4 5 6 7 8 9 10 11 13 | 13.4
Shields        | 4 5 6 7 8 9 |  9.7
Armour         | 4 5 6 7 8 9 10 11 13 | 13.4
Evocations     | 1 3 4 5 |  5.0
Dodging        | 4 6 8 9 |  9.1

Action                   |  1- 3 |  4- 6 |  7- 9 | 10-12 | 13-15 || total
-------------------------+-------+-------+-------+-------+-------++-------
Melee: War axe           |   114 |   130 |   292 |   246 |       ||   782
       Headbutt          |    14 |    22 |    54 |   136 |    82 ||   308
       Battleaxe         |       |       |       |   310 |   400 ||   710
Invok: Potion Petition   |       |       |       |     1 |       ||     1
       Call Merchant     |       |       |       |     1 |       ||     1
Evoke: Wand              |       |       |       |     1 |       ||     1
  Use: Scroll            |       |       |     9 |    14 |     2 ||    25
       Potion            |       |       |       |     1 |     6 ||     7
 Stab: Distracted        |       |       |     1 |     5 |       ||     6
       Invisible         |       |       |       |     1 |       ||     1
       Sleeping          |       |       |       |     1 |       ||     1
  Eat: Chunk             |     2 |     6 |     2 |       |       ||    10
       Ration            |       |       |     4 |     9 |     5 ||    18
Armor: Scale mail        |    39 |     2 |       |       |       ||    41
       Chain mail        |       |    41 |   100 |       |       ||   141
       Plate armour      |       |       |    15 |   299 |   221 ||   535
Dodge: Dodged            |    44 |    22 |    77 |   175 |   222 ||   540
Block: Kite shield       |    71 |    65 |   179 |   153 |       ||   468

Table legend:
 A = Non-vault XP
 B = Vault XP
 C = Vault XP percentage of total XP
 D = Non-vault monster count
 E = Vault monster count
 F = Vault count percentage of total count
                 A         B        C        D         E       F
            +---------+---------+-------+---------+---------+-------
      Total |   45982 |   32503 |  41.4 |     398 |     179 |  31.0
            +---------+---------+-------+---------+---------+-------
        D:1 |      65 |       3 |   4.4 |      35 |       2 |   5.4
        D:2 |      76 |      43 |  36.1 |      25 |       3 |  10.7
        D:3 |      34 |     137 |  80.1 |      15 |       3 |  16.7
        D:4 |     485 |       0 |   0.0 |      31 |       0 |   0.0
        D:5 |    1076 |       0 |   0.0 |      32 |       0 |   0.0
        D:6 |     720 |     142 |  16.5 |      23 |       2 |   8.0
        D:7 |    1869 |       0 |   0.0 |      38 |       0 |   0.0
        D:8 |    1642 |     880 |  34.9 |      25 |       1 |   3.8
        D:9 |    1174 |    2651 |  69.3 |      23 |      12 |  34.3
       D:10 |    3237 |       0 |   0.0 |      28 |       0 |   0.0
     Lair:1 |    1462 |     564 |  27.8 |       7 |      39 |  84.8
     Lair:2 |    1547 |    1998 |  56.4 |       8 |       7 |  46.7
     Lair:3 |    4696 |    4762 |  50.3 |      19 |      13 |  40.6
     Lair:4 |    4933 |     473 |   8.7 |      23 |       3 |  11.5
     Lair:5 |    5810 |    7893 |  57.6 |      21 |      45 |  68.2
     Lair:6 |   13873 |   12957 |  48.3 |      37 |      49 |  57.0
      Orc:1 |     340 |       0 |   0.0 |       4 |       0 |   0.0
    Abyss:1 |    2943 |       0 |   0.0 |       4 |       0 |   0.0
            +---------+---------+-------+---------+---------+-------
